AoeStats
← jphilkill

Arena

510274723Analyzed
4v4 RM · 2d ago on Sep 30, 2026· 27m 36s· 8 players
Game mode
Random Map
Map size
Large (8 player)
Population
200
Speed
Normal
Resources
Standard
Victory
Conquest
Starting age
Dark Age
Ending age
Imperial Age
RankedLock teamsTeams togetherTeam positionsShared explorationLock speedFull tech treeHidden civsTurbo modeCheats
Victory
Defeat
🇨🇳 Slavs · China
1107
+13
🇨🇳 Lithuanians · China
1038
+16
🇨🇳 Danes · China
1000
+54
🇮🇩 Persians · Indonesia
946
+20
🇨🇳 Poles · China
1135
-20
🇦🇷 Lithuanians · Argentina
1039
-17
🇷🇴 Dravidians · Romania
1013
-16
🇩🇪 Franks · Germany
967
-14
pacoyyds
10:53 Feudal Age
11:36 Double-Bit Axe
11:32 Horse Collar
15:19 Castle Age
16:20 Bow Saw
17:07 Fervor
22:51 Wheelbarrow
23:36 Stone Mining
25:21 Stone Shaft Mining
24:40 Gold Mining
27:47 Hand Cart
根本赢不了
10:46 Feudal Age
14:25 Castle Age
12:42 Double-Bit Axe
12:41 Horse Collar
14:30 Loom
20:53 Arson
24:26 Scale Mail Armor
26:03 Chain Mail Armor
27:15 Forging
27:52 Wheelbarrow
一叶知秋
5:15 Loom
10:49 Feudal Age
14:36 Castle Age
12:43 Horse Collar
16:38 Wheelbarrow
22:55 Man-at-Arms
26:03 Squires
muhaliefr06
11:41 Feudal Age
13:25 Wheelbarrow
17:45 Castle Age
16:06 Double-Bit Axe
16:03 Horse Collar
17:23 Stone Mining
17:36 Gold Mining
21:30 Elite Skirmisher
22:40 Padded Archer Armor
23:30 Fletching
Nixs225
10:28 Feudal Age
14:37 Castle Age
13:28 Double-Bit Axe
13:27 Horse Collar
17:05 Loom
19:05 Bloodlines
21:28 Scale Barding Armor
21:33 Forging
23:57 Chain Barding Armor
Nielu256
11:09 Feudal Age
12:51 Double-Bit Axe
15:08 Castle Age
12:57 Horse Collar
13:31 Gold Mining
14:41 Fletching
15:51 Padded Archer Armor
16:20 Bow Saw
16:27 Crossbowman
17:05 Pikeman
19:48 Wheelbarrow
20:53 Loom
21:23 Hand Cart
20:53 Town Watch
21:20 Town Watch
24:09 Bodkin Arrow
24:30 Leather Archer Armor
24:52 Heavy Plow
25:56 Stone Mining
jphilkill
0:46 Loom
11:56 Feudal Age
13:16 Stone Mining
17:38 Castle Age
21:30 Fletching
redwolfliu
9:57 Feudal Age
10:45 Horse Collar
11:07 Double-Bit Axe
15:31 Castle Age
14:07 Stone Mining
16:03 Wheelbarrow
16:40 Bow Saw
16:42 Loom
17:30 Heavy Plow
22:08 Gold Mining
28:22 Imperial Age
25:50 Crossbowman
26:25 Fletching
28:28 Hand Cart
Connection lost

Rejoining the realm…

Still unreachable

The connection could not be restored.

Session expired

The server has moved on; the page needs a fresh start.